Map: Dusk Towers

Players

Inception

  • Race: Protoss Protoss

ILLBdA - Winner!

  • Race: Zerg Zerg
  • League: Diamond

VOD

Have the link to the VOD?

Description

Time

  • Played on: Jan. 3, 2016, 8:43 p.m.
  • Length: 6:46
Show
View Real Time Build Order
Export as new Build Order

Inception Protoss 

Build Orders: Oracle Opening 

Get SALT Encoding   

  12  0:03  Probe (Chrono Boost)  
  13  0:14  Probe (Chrono Boost)  
  14  0:23  Pylon  
  14  0:26  Probe (Chrono Boost)  
  15  0:41  Probe (Chrono Boost)  
  16  0:46  Gateway  
  16  0:50  Assimilator  
  16  0:52  Probe (Chrono Boost)  
  17  1:00  Assimilator  
  17  1:02  Probe (Chrono Boost)  
  18  1:13  Probe (Chrono Boost)  
  19  1:23  Probe (Chrono Boost), Pylon  
  20  1:35  Probe (Chrono Boost)  
  21  1:46  Cybernetics Core  
  21  1:49  Probe (Chrono Boost)  
  22  1:57  Zealot  
  24  2:01  Probe (Chrono Boost)  
  25  2:12  Probe (Chrono Boost)  
  26  2:23  Probe (Chrono Boost)  
  26  2:27  Stargate  
  27  2:31  Warp Gate  
  27  2:53  Nexus  
  27  2:55  Probe (Chrono Boost)  
  29  3:05  Probe (Chrono Boost)  
  29  3:09  Adept  
  29  3:12  Pylon  
  31  3:16  Pylon  
  31  3:30  Oracle (Chrono Boost)  
  31  3:31  Mothership Core (Chrono Boost)  
  36  3:43  Twilight Council  
  36  3:45  Pylon  
  36  3:52  Probe  
  39  3:58  Stalker  
  39  4:04  Probe (Chrono Boost)  
  40  4:13  Forge  
  40  4:15  Probe (Chrono Boost)  
  41  4:19  Probe (Chrono Boost)  
  41  4:23  Assimilator  
  42  4:25  Probe (Chrono Boost)  
  42  4:30  Probe (Chrono Boost)  
  44  4:36  Probe (Chrono Boost)  
  45  4:41  Probe (Chrono Boost)  
  41  4:46  Probe (Chrono Boost)  
  41  4:51  Probe (Chrono Boost)  
  43  4:57  Probe (Chrono Boost)  
  42  5:02  Probe (Chrono Boost)  
  39  5:07  Probe (Chrono Boost)  
Show
View Real Time Build Order
Export as new Build Order

ILLBdA Zerg - Winner!

Build Orders: 3 Hatch before Pool 

Get SALT Encoding   

  12  0:01  Drone  
  13  0:12  Overlord  
  13  0:17  Drone  
  14  0:32  Drone x2  
  14  0:34  Drone  
  17  0:54  Hatchery  
  17  0:55  Drone  
  17  1:16  Hatchery  
  16  1:21  Drone  
  16  1:22  Extractor  
  16  1:26  Drone  
  16  1:28  Drone  
  16  1:32  Drone  
  19  1:48  Drone  
  20  2:08  Drone x3, Spawning Pool  
  22  2:32  Drone x3  
  25  2:40  Drone x3  
  25  2:42  Hatchery  
  27  2:45  Drone x2  
  29  2:54  Metabolic Boost  
  29  2:58  Drone x2  
  31  3:02  Queen  
  33  3:09  Overlord  
  33  3:15  Overlord  
  33  3:24  Zergling x2  
  34  3:27  Zergling x14  
  34  3:33  Overlord  
  41  3:40  Zergling x4  
  43  3:46  Zergling x2  
  44  3:51  Zergling x4  
  44  3:54  Zergling x4  
  48  3:55  Queen  
  48  4:00  Zergling x4  
  52  4:07  Zergling x4  
  54  4:12  Zergling x8  
  58  4:21  Spore Crawler  
  57  4:24  Spore Crawler  
  57  4:26  Spore Crawler  
  57  4:27  Zergling x6  
  57  4:28  Zergling x8  
  61  4:41  Zergling x8  
  60  4:49  Zergling x8  
  63  4:57  Zergling x2  
  63  5:05  Zergling x6  
  64  5:13  Zergling x2  
  63  5:25  Zergling x2  
  63  5:50  Overlord  
  63  5:51  Overlord  
  63  6:08  Queen  
Tags
 
Add a new tag
Caveats
  • Supply blocks, unpowered buildings, or Contaminate may cause inaccurate times.
  • Supply counts are checked every 10 seconds.